 Dungeon Crawl Stone Soup version 0.28.0-53-g5a82cb258f (webtiles) character file.

Game seed: 3699435505943199710

318 Logoto the Conjurer (level 6, 0/49 HPs)
             Began as a Draconian Conjurer on Aug 3, 2022.
             Slain by Blork the orc
             ... wielding a +2 mace of holy wrath
              (7 damage)
             ... on level 3 of the Dungeon.
             The game lasted 00:14:01 (4140 turns).

Logoto the Conjurer (Draconian Conjurer)            Turns: 4140, Time: 00:14:02

Health: 0/49       AC:  9    Str: 11    XL:     6   Next: 21%
Magic:  0/10       EV: 12    Int: 18    God:
Gold:   75         SH:  0    Dex: 10    Spells: 8/11 levels left

rFire   . . .      SeeInvis .   n - +0 dagger (venom)
rCold   . . .      Faith    .   (no shield)
rNeg    + . .      Spirit   .   (armour unavailable)
rPois   +          Reflect  .   (helmet restricted)
rElec   .          Harm     .   j - +2 cloak {rPois}
rCorr   .          Rampage  .   (no gloves)
Will    .....                   (no boots)
Stlth   ++........              g - amulet of the acrobat
HPRegen 0.16/turn               m - ring of positive energy
MPRegen 0.12/turn               (no ring)

@: no status effects
A: AC +6, unfitting armour, cold-blooded
a: no special abilities


You were on level 3 of the Dungeon.
You visited 1 branch of the dungeon, and saw 4 of its levels.

You collected 75 gold pieces.

Inventory:

Hand Weapons
 e - a +0 dagger of speed
 i - a +4 quarterstaff of chaos
 n - a +0 dagger of venom (weapon)
Armour
 j - a +2 cloak of poison resistance (worn)
Jewellery
 g - an amulet of the acrobat (around neck)
 m - a ring of positive energy (left hand)
Wands
 h - a wand of flame (13)
Scrolls
 b - a scroll of blinking {unknown}
 c - 4 scrolls of identify {unknown}
 f - a scroll of magic mapping {unknown}
 k - a scroll of noise {unknown}
 l - a scroll of teleportation {unknown}
 o - a scroll of immolation {unknown}
Potions
 a - a potion of heal wounds {unknown}
 d - a potion of might {unknown}


   Skills:
 * Level 2.3 Fighting
 + Level 2.0 Short Blades
 + Level 3.1 Dodging
 + Level 2.5 Stealth
 * Level 3.0 Spellcasting
 + Level 5.0 Conjurations


You had 8 spell levels left.
You knew the following spells:

 Your Spells              Type           Power      Damage    Failure   Level
a - Magic Dart            Conj           80%        1d7       1%          1
b - Searing Ray           Conj           40%        2d5       3%          2

Your spell library contained the following spells:

 Spells                   Type           Power      Damage    Failure   Level
 Animate Skeleton         Necr           4%         N/A       16%         1
 Pain                     Necr           8%         1d4       16%         1
 Dazzling Flash           Conj/Hex       22%        N/A       17%         3
 Mephitic Cloud           Conj/Pois/Air  8%         N/A       24%         3
 Ignite Poison            Fire/Tmut/Pois 2%         N/A       43%         3
 Vampiric Draining        Necr           2%         2d6       43%         3
 Fulminant Prism          Conj/Hex       5%         3d7       50%         4
 Iskenderun's Mystic Bla  Conj/Tloc      11%        2d4       50%         4
 Freezing Cloud           Conj/Ice/Air   4%         6-21      92%         5


Dungeon Overview and Level Annotations

Branches:
Dungeon (4/15)
 Temple: D:4-7

Altars:
Sif Muna
Zin

Annotations:
D:3 Blork the orc


Innate Abilities, Weirdness & Mutations

Your plain brown scales are hard. (AC +6)
You cannot fit into any form of body armour.
You are cold-blooded and may be slowed by cold attacks.


Message History

You finish channelling your searing ray.
Blork the orc barely misses you.
Casting: Searing Ray (safe; 3% risk of failure)
Confirm with . or Enter, or press ? or * to list all spells.
Aiming: Searing Ray (safe; 3% risk of failure)
Press: ? - help, Shift-Dir - straight line, f/p - Blork the orc
Aim: Blork the orc, wielding a +2 mace of holy wrath and wearing a +2 robe of cold resistance (heavily wounded, fast, 81% to hit)
The searing ray hits Blork the orc!
Blork the orc is severely wounded. (Press . to maintain the ray.) Blork the orc casts a spell at you.
The puff of flame hits you!
Blork the orc hits you with a +2 mace of holy wrath!
Without enough magic to sustain it, your searing ray dissipates.
Blork the orc hits you with a +2 mace of holy wrath.
* * * LOW HITPOINT WARNING * * *
Your magical contamination has completely faded away.
You hit Blork the orc.
Blork the orc is poisoned.
Your tail-slap misses Blork the orc.
Blork the orc is severely wounded.
Blork the orc hits you but does no damage.
Blork the orc hits you with a +2 mace of holy wrath.
* * * LOW HITPOINT WARNING * * *
You hit Blork the orc but do no damage.
Blork the orc is severely wounded.
Blork the orc barely misses you.
Casting: Searing Ray (safe; 3% risk of failure)
Confirm with . or Enter, or press ? or * to list all spells.
You don't have enough magic to cast this spell.
Casting: Searing Ray (safe; 3% risk of failure)
Confirm with . or Enter, or press ? or * to list all spells.
Aiming: Magic Dart (safe; 1% risk of failure)
Press: ? - help, Shift-Dir - straight line, f/p - Blork the orc
Aim: Blork the orc, wielding a +2 mace of holy wrath and wearing a +2 robe of cold resistance (severely wounded, fast, very poisoned, 100% to hit)
The magic dart hits Blork the orc.
Blork the orc is almost dead.
Blork the orc hits you with a +2 mace of holy wrath.
* * * LOW HITPOINT WARNING * * *
Blork the orc hits you with a +2 mace of holy wrath!
You die...

##########
#######........#
......######...#
......######...#####
#####.##...#...#...#
#.##.<.#.⌠.#.o.#
####...#...#@..#
#####...#...#...#####
#.......#...#.......#
#.<.......8..[...)>.#
#.......#...#.......#
#####...#...#...#####
####...#...#...#
#.##.<.#.⌠.#.>.#
#.##...#...#.†.##########


You could see Blork the orc (fast, very poisoned).

Vanquished Creatures
  An ogre (D:4)
  Crazy Yiuf (D:2)
  An orc priest (D:4)
  Natasha (D:3)
  An orc wizard (D:3)
  5 adders
  An ufetubus (D:3)
  An adder skeleton (D:4)
  A dart slug (D:1)
  6 orcs
  7 endoplasms
  5 giant cockroaches
  5 goblins
  5 hobgoblins
  9 kobolds
  4 quokkas
  10 ball pythons
  10 bats
  A frilled lizard (D:2)
  2 rats (D:3)
77 creatures vanquished.

Vanquished Creatures (others)
  2 fungi (D:2)
2 creatures vanquished.

Grand Total: 79 creatures vanquished

Notes
Turn   | Place    | Note
-------+----------+-------------------------------------------
     0 | D:1      | Logoto the Draconian Conjurer began the quest for the Orb.
     0 | D:1      | Reached XP level 1. HP: 14/14 MP: 3/3
   338 | D:1      | Reached XP level 2. HP: 20/20 MP: 1/5
   341 | D:1      | Learned a level 2 spell: Searing Ray
  1174 | D:2      | Reached XP level 3. HP: 26/26 MP: 4/6
  1774 | D:2      | Reached XP level 4. HP: 29/34 MP: 2/7
  1927 | D:2      | Reached skill level 1 in Fighting
  2166 | D:2      | Found a runed translucent door.
  2167 | D:2      | Noticed Crazy Yiuf
  2246 | D:2      | Killed Crazy Yiuf
  2247 | D:2      | Reached skill level 1 in Short Blades
  2247 | D:2      | Reached skill level 5 in Conjurations
  2829 | D:3      | Found a faded altar of an unknown god.
  2994 | D:3      | Found a glowing silver altar of Zin.
  3576 | D:3      | Reached XP level 5. HP: 36/40 MP: 0/8
  3636 | D:4      | Noticed a water moccasin
  3721 | D:4      | Noticed Natasha
  3727 | D:3      | Killed Natasha
  3865 | D:4      | Noticed an ogre
  3871 | D:4      | Killed an ogre
  3872 | D:4      | Reached XP level 6. HP: 48/48 MP: 2/10
  4027 | D:4      | Noticed a water moccasin
  4031 | D:4      | Found a shimmering blue altar of Sif Muna.
  4119 | D:4      | Noticed Blork the orc
  4140 | D:3      | Slain by Blork the orc

Illustrated notes

Levels and vault maps discovered:
D:1:      dpeg_arrival_concentric_ovals, layout_rooms
D:2:      layout_basic, uniq_crazy_yiuf_cottage
D:3:      layout_basic, mainiacjoe_overflow_small_starburst,
          shapermc_ecumenical_altar_starsandcircs, hex_intersection,
          hangedman_abyss_or_decor_stabs, nrook_campfire,
          amcnicky_mini_pool_small, nicolae_elevator_lobby_plus
D:4:      layout_cave_pools, lemuel_coloured_pillars_altar,
          nicolae_sif_muna_condensation, pf_guarded_unrand_meek,
          uniq_blork_the_orc, uniq_natasha

Skill      XL: |  1  2  3  4  5  6 |
---------------+-------------------+-----
Dodging        | 2 3 |  3.1
Fighting       | 1 2 |  2.3
Short Blades   | 1 2 |  2.0
Stealth        | 2 |  2.5
Conjurations   | 5 |  5.0
Spellcasting   | 3 |  3.0

Action                   |  1- 3 |  4- 6 || total
-------------------------+-------+-------++-------
Melee: Short sword       |    23 |       ||    23
       Tailslap          |    15 |     9 ||    24
       Punch             |     1 |     1 ||     2
       Unarmed           |     1 |       ||     1
       Dagger            |    72 |    86 ||   158
 Cast: Magic Dart        |    35 |    32 ||    67
       Searing Ray       |     5 |    15 ||    20
 Stab: Sleeping          |     1 |     4 ||     5
Armor: Skin              |    26 |    42 ||    68
Dodge: Dodged            |    73 |   104 ||   177
